TOP OF THE 1ST |
Riverside Red Bulls batting - Pitching for Bismarck Barons : RHP Ray Johnston
|
Pitching: RHP Ray Johnston
|
|
Batting: RHB Tom Howe
|
0-0: Called Strike 0-1: Called Strike 0-2: Ground out 2-3 (Groundball, 2R)
|
Batting: RHB Pedro Mata
|
0-0: Called Strike 0-1: Ball 1-1: Ball 2-1: Ball 3-1: SINGLE (Groundball, 6M)
|
Batting: RHB Earnest Finnegan
|
0-0: Swinging Strike 0-1: Ball 1-1: Foul Ball, location: 2F 1-2: Foul Ball, location: 2F 1-2: Ball 2-2: Foul Ball, location: 2F 2-2: Ball 3-2: Fly out, F4 (Popup, 4D)
|
Batting: RHB Marcos Hernández
|
0-0: Ball 1-0: Ball 2-0: Called Strike 2-1: Foul Ball, location: 2F 2-2: Foul Ball, location: 2F 2-2: Ball 3-2: Ground out 6-3 (Groundball, 6M)
|
Top of the 1st over - 0 run(s), 1 hit(s), 0 error(s), 1 left on base; Riverside 0 - Bismarck 0 |
BOTTOM OF THE 1ST |
Bismarck Barons batting - Pitching for Riverside Red Bulls : RHP Emery Graham
|
Pitching: RHP Emery Graham
|
|
Batting: LHB John Frost
|
0-0: Foul Ball, location: 2F 0-1: Called Strike 0-2: Ball 1-2: Strikes out looking
|
Batting: RHB Norm Francis
|
0-0: Ball 1-0: Called Strike 1-1: Ball 2-1: Reached on error, E6 (Groundball, 6)
|
Batting: RHB Eric Fuller
|
0-0: Called Strike Norm Francis steals 2nd base 0-1: Foul Ball, location: 2F 0-2: Ball 1-2: Foul Ball, location: 2F 1-2: Ball 2-2: Foul Ball, location: 2F 2-2: Ball 3-2: Ground out 4-3 (Groundball, 4) Norm Francis to third
|
Batting: RHB Seiji Kouno
|
0-0: Ball 1-0: Foul Ball, location: 2F 1-1: Ball 2-1: Ball 3-1: DOUBLE (Line Drive, 9LS) Norm Francis scores
|
Batting: RHB Herb Bunch
|
0-0: Called Strike 0-1: Ball 1-1: Ball 2-1: Ball 3-1: Base on Balls
|
Batting: RHB Pancho Torres
|
0-0: Called Strike 0-1: Ball 1-1: Foul Ball, location: 2F 1-2: Ball 2-2: Foul Ball, location: 2F 2-2: Fly out, F3 (Popup, 3SF)
|
Bottom of the 1st over - 1 run(s), 1 hit(s), 1 error(s), 2 left on base; Riverside 0 - Bismarck 1 |
TOP OF THE 2ND |
Riverside Red Bulls batting - Pitching for Bismarck Barons : RHP Ray Johnston
|
Batting: LHB Mike Petersen
|
0-0: Ball 1-0: Foul Ball, location: 2F 1-1: Ball 2-1: Foul Ball, location: 2F 2-2: Foul Ball, location: 2F 2-2: Ball 3-2: Foul Ball, location: 2F 3-2: Base on Balls
|
Batting: RHB Fernando Gálvez
|
0-0: Ball 1-0: Foul Ball, location: 2F 1-1: Foul Ball, location: 2F 1-2: Foul Ball, location: 2F 1-2: Ball 2-2: Foul Ball, location: 2F 2-2: Strikes out swinging
|
Batting: RHB Kelly Jones
|
0-0: Ball 1-0: Foul Ball, location: 2F 1-1: Foul Ball, location: 2F 1-2: Ball 2-2: Strikes out looking
|
Batting: RHB Enrique Flores
|
0-0: Called Strike 0-1: Ball 1-1: Fly out, F9 (Flyball, 89M)
|
Top of the 2nd over - 0 run(s), 0 hit(s), 0 error(s), 1 left on base; Riverside 0 - Bismarck 1 |
BOTTOM OF THE 2ND |
Bismarck Barons batting - Pitching for Riverside Red Bulls : RHP Emery Graham
|
Batting: RHB Roberto García
|
0-0: Foul Ball, location: 2F 0-1: Swinging Strike 0-2: Foul Ball, location: 2F 0-2: Strikes out swinging
|
Batting: RHB Michael Thomas
|
0-0: Ball 1-0: Swinging Strike 1-1: Foul Ball, location: 2F 1-2: Ball 2-2: Strikes out looking
|
Batting: LHB Jorge Fernández
|
0-0: Ball 1-0: Ball 2-0: Ball 3-0: Called Strike 3-1: Base on Balls
|
Batting: LHB John Frost
|
0-0: Ground out 4-3 (Groundball, 34)
|
Bottom of the 2nd over - 0 run(s), 0 hit(s), 0 error(s), 1 left on base; Riverside 0 - Bismarck 1 |
TOP OF THE 3RD |
Riverside Red Bulls batting - Pitching for Bismarck Barons : RHP Ray Johnston
|
Batting: SHB Luis Alonso
|
0-0: Ball 1-0: Swinging Strike 1-1: Foul Ball, location: 2F 1-2: Ball 2-2: Foul Ball, location: 2F 2-2: Ball 3-2: Strikes out swinging
|
Batting: RHB Tom Howe
|
0-0: SINGLE (Line Drive, 78S)
|
Batting: RHB Pedro Mata
|
0-0: Called Strike Tom Howe is caught stealing 2nd base 0-1: Ball 1-1: Ball 2-1: Foul Ball, location: 2F 2-2: Ball 3-2: Foul Ball, location: 2F 3-2: Ground out 6-3 (Groundball, 6)
|
Top of the 3rd over - 0 run(s), 1 hit(s), 0 error(s), 0 left on base; Riverside 0 - Bismarck 1 |
BOTTOM OF THE 3RD |
Bismarck Barons batting - Pitching for Riverside Red Bulls : RHP Emery Graham
|
Batting: RHB Norm Francis
|
0-0: Foul Ball, location: 2F 0-1: Ball 1-1: DOUBLE (Line Drive, 78M)
|
Batting: RHB Eric Fuller
|
0-0: Ground out 4-3 (Groundball, 4) Norm Francis to third
|
Batting: RHB Seiji Kouno
|
0-0: Ball 1-0: SINGLE (Groundball, 4MD) (infield hit) Norm Francis scores
|
Batting: RHB Herb Bunch
|
0-0: Ball 1-0: Called Strike 1-1: Ball 2-1: Foul Ball, location: 2F 2-2: Strikes out swinging
|
Batting: RHB Pancho Torres
|
0-0: Called Strike 0-1: Ball 1-1: Swinging Strike 1-2: Strikes out looking
|
Bottom of the 3rd over - 1 run(s), 2 hit(s), 0 error(s), 1 left on base; Riverside 0 - Bismarck 2 |
TOP OF THE 4TH |
Riverside Red Bulls batting - Pitching for Bismarck Barons : RHP Ray Johnston
|
Batting: RHB Earnest Finnegan
|
0-0: Called Strike 0-1: Ball 1-1: Ground out 4-3 (Groundball, 4)
|
Batting: RHB Marcos Hernández
|
0-0: Ball 1-0: Swinging Strike 1-1: Ball 2-1: Ball 3-1: Called Strike 3-2: Base on Balls
|
Batting: LHB Mike Petersen
|
0-0: Called Strike 0-1: Ball 1-1: Ball 2-1: Foul Ball, location: 2F 2-2: Foul Ball, location: 2F 2-2: Fly out, F8 (Popup, 4MD)
|
Batting: RHB Fernando Gálvez
|
0-0: Swinging Strike 0-1: Ball 1-1: Ball 2-1: DOUBLE (Line Drive, 6D) Marcos Hernández to third Runner from 3rd tries for Home, throw and OUT!
|
Top of the 4th over - 0 run(s), 1 hit(s), 0 error(s), 1 left on base; Riverside 0 - Bismarck 2 |
BOTTOM OF THE 4TH |
Bismarck Barons batting - Pitching for Riverside Red Bulls : RHP Emery Graham
|
Batting: RHB Roberto García
|
0-0: Called Strike 0-1: Foul Ball, location: 2F 0-2: Ball 1-2: Foul Ball, location: 2F 1-2: Strikes out swinging
|
Batting: RHB Michael Thomas
|
0-0: Ball 1-0: Called Strike 1-1: Reached on error, E5 (Groundball, 56S)
|
Batting: LHB Jorge Fernández
|
0-0: Ball 1-0: Ball 2-0: Ground out 3-1 (Groundball, 34) Michael Thomas to second
|
Pitching: LHP Chuck Cox
|
|
Batting: LHB John Frost
|
0-0: SINGLE (Line Drive, 7S) Michael Thomas to third
|
Batting: RHB Norm Francis
|
0-0: Ball 1-0: SINGLE (Line Drive, 56) Michael Thomas scores John Frost to second
|
Batting: RHB Eric Fuller
|
0-0: Foul Ball, location: 2F 0-1: Foul Ball, location: 2F 0-2: Foul Ball, location: 2F 0-2: Ball 1-2: Ball 2-2: Ball 3-2: Foul Ball, location: 2F 3-2: SINGLE (Line Drive, 34) John Frost to third Norm Francis to second John Frost scores Norm Francis to third
|
Batting: RHB Seiji Kouno
|
0-0: Called Strike 0-1: Fly out, F7 (Popup, 78S)
|
Bottom of the 4th over - 2 run(s), 3 hit(s), 1 error(s), 2 left on base; Riverside 0 - Bismarck 4 |
TOP OF THE 5TH |
Riverside Red Bulls batting - Pitching for Bismarck Barons : RHP Ray Johnston
|
Batting: RHB Kelly Jones
|
0-0: Ground out 4-3 (Groundball, 4)
|
Batting: RHB Enrique Flores
|
0-0: Ball 1-0: Swinging Strike 1-1: Swinging Strike 1-2: Strikes out swinging
|
Batting: SHB Luis Alonso
|
0-0: Called Strike 0-1: Foul Ball, location: 2F 0-2: Foul Ball, location: 2F 0-2: Foul Ball, location: 2F 0-2: Strikes out swinging
|
Top of the 5th over - 0 run(s), 0 hit(s), 0 error(s), 0 left on base; Riverside 0 - Bismarck 4 |
BOTTOM OF THE 5TH |
Bismarck Barons batting - Pitching for Riverside Red Bulls : LHP Chuck Cox
|
Batting: RHB Herb Bunch
|
0-0: Called Strike 0-1: Called Strike 0-2: Foul Ball, location: 2F 0-2: Ball 1-2: Ball 2-2: Fly out, F8 (Flyball, 8RD)
|
Batting: RHB Pancho Torres
|
0-0: Ball 1-0: Ball 2-0: Ball 3-0: Called Strike 3-1: Foul Ball, location: 2F 3-2: Fly out, F9 (Flyball, 89M)
|
Batting: RHB Roberto García
|
0-0: Ball 1-0: Ball 2-0: SOLO HOME RUN (Flyball, 78XD), Distance : 371 ft
|
Batting: RHB Michael Thomas
|
0-0: Ball 1-0: Ball 2-0: Ball 3-0: Called Strike 3-1: DOUBLE (Groundball, 5L)
|
Batting: LHB Jorge Fernández
|
0-0: Ball 1-0: Called Strike 1-1: Foul Ball, location: 2F 1-2: Strikes out swinging
|
Bottom of the 5th over - 1 run(s), 2 hit(s), 0 error(s), 1 left on base; Riverside 0 - Bismarck 5 |
TOP OF THE 6TH |
Riverside Red Bulls batting - Pitching for Bismarck Barons : RHP Ray Johnston
|
Batting: RHB Tom Howe
|
0-0: Foul Ball, location: 2F 0-1: Swinging Strike 0-2: Foul Ball, location: 2F 0-2: Foul Ball, location: 2F 0-2: Ground out 6-3 (Groundball, 6)
|
Pitching: RHP Armando Torres
|
|
Batting: RHB Pedro Mata
|
0-0: Ball 1-0: Ball 2-0: Called Strike 2-1: Ball 3-1: Base on Balls
|
Batting: RHB Earnest Finnegan
|
0-0: Ball 1-0: Called Strike 1-1: Grounds into double play, 4-6-3 (Groundball, 4)
|
Top of the 6th over - 0 run(s), 0 hit(s), 0 error(s), 0 left on base; Riverside 0 - Bismarck 5 |
BOTTOM OF THE 6TH |
Bismarck Barons batting - Pitching for Riverside Red Bulls : LHP Chuck Cox
|
Batting: LHB John Frost
|
0-0: Swinging Strike 0-1: Ball 1-1: Foul Ball, location: 2F 1-2: Ball 2-2: Foul Ball, location: 2F 2-2: Foul Ball, location: 2F 2-2: Ball 3-2: Ground out 4-3 (Groundball, 4)
|
Batting: RHB Norm Francis
|
0-0: Ball 1-0: SINGLE (Groundball, 56D)
|
Batting: RHB Eric Fuller
|
0-0: Ball 1-0: Ball 2-0: Ball 3-0: Base on Balls Norm Francis to second
|
Pitching: RHP Omar Camacho
|
|
Batting: RHB Seiji Kouno
|
0-0: Ball 1-0: Ball 2-0: SINGLE (Line Drive, 89M) Norm Francis to third Eric Fuller to second
|
Batting: RHB Herb Bunch
|
0-0: Ball 1-0: Ball 2-0: Ball 3-0: Base on Balls Norm Francis scores Eric Fuller to third Seiji Kouno to second
|
Batting: RHB Pancho Torres
|
0-0: Called Strike 0-1: Ball 1-1: Ball 2-1: Fly out, F8 (Flyball, 8LM) Runner from 3rd tags up, SCORES, no throw
|
Batting: RHB Roberto García
|
0-0: Ball 1-0: DOUBLE (Flyball, 7LD) Seiji Kouno scores Herb Bunch to third Runner from 3rd tries for Home, SAFE, no throw or cutoff
|
Batting: RHB Michael Thomas
|
0-0: Ball 1-0: Called Strike 1-1: Ball 2-1: Ground out 1-3 (Groundball, 13)
|
Bottom of the 6th over - 4 run(s), 3 hit(s), 0 error(s), 1 left on base; Riverside 0 - Bismarck 9 |
TOP OF THE 7TH |
Riverside Red Bulls batting - Pitching for Bismarck Barons : RHP Armando Torres
|
Batting: RHB Marcos Hernández
|
0-0: Foul Ball, location: 2F 0-1: Ball 1-1: SINGLE (Groundball, 6MD)
|
Batting: LHB Mike Petersen
|
0-0: Foul Ball, location: 2F 0-1: Fly out, F8 (Line Drive, 8RD)
|
Batting: RHB Fernando Gálvez
|
0-0: Ball 1-0: Ball 2-0: Ball 3-0: Called Strike 3-1: Called Strike Throwing error on steal attempt, E2 Marcos Hernández to third 3-2: Foul Ball, location: 2F 3-2: Fly out, F7 (Flyball, 7S)
|
Batting: RHB Kelly Jones
|
0-0: Ball 1-0: Ball 2-0: Foul Ball, location: 2F 2-1: Foul Ball, location: 2F 2-2: Foul Ball, location: 2F 2-2: Ball 3-2: Strikes out swinging
|
Top of the 7th over - 0 run(s), 1 hit(s), 1 error(s), 1 left on base; Riverside 0 - Bismarck 9 |
BOTTOM OF THE 7TH |
Bismarck Barons batting - Pitching for Riverside Red Bulls : RHP Omar Camacho
|
Batting: LHB Jorge Fernández
|
0-0: Ground out 4-3 (Groundball, 34)
|
Batting: LHB John Frost
|
0-0: Ball 1-0: Ball 2-0: Foul Ball, location: 2F 2-1: Foul Ball, location: 2F 2-2: Strikes out looking
|
Batting: RHB Norm Francis
|
0-0: Ball 1-0: Fly out, F8 (Flyball, 8LM)
|
Bottom of the 7th over - 0 run(s), 0 hit(s), 0 error(s), 0 left on base; Riverside 0 - Bismarck 9 |
TOP OF THE 8TH |
Riverside Red Bulls batting - Pitching for Bismarck Barons : RHP Armando Torres
|
Now at SS: José Ruíz
|
|
Batting: RHB Enrique Flores
|
0-0: Called Strike 0-1: Ball 1-1: Ball 2-1: Foul Ball, location: 2F 2-2: Fly out, F9 (Flyball, 9M)
|
Pitching: RHP Francisco Anaya
|
|
Batting: SHB Luis Alonso
|
0-0: Ball 1-0: Ball 2-0: Ball 3-0: Called Strike 3-1: Ground out 4-3 (Groundball, 4)
|
Batting: RHB Tom Howe
|
0-0: Foul Ball, location: 2F 0-1: Ball 1-1: Ball 2-1: Swinging Strike 2-2: Ball 3-2: Foul Ball, location: 2F 3-2: Base on Balls
|
Batting: RHB Pedro Mata
|
0-0: Called Strike 0-1: Called Strike 0-2: Ground out 6-3 (Groundball, 6)
|
Top of the 8th over - 0 run(s), 0 hit(s), 0 error(s), 1 left on base; Riverside 0 - Bismarck 9 |
BOTTOM OF THE 8TH |
Bismarck Barons batting - Pitching for Riverside Red Bulls : RHP Omar Camacho
|
Batting: RHB Eric Fuller
|
0-0: Ball 1-0: Ground out 6-3 (Groundball, 56)
|
Pitching: RHP Gene Whitley
|
|
Batting: RHB Seiji Kouno
|
0-0: Ball 1-0: Ball 2-0: Called Strike 2-1: SINGLE (Groundball, 56D)
|
Batting: RHB Herb Bunch
|
0-0: Foul Ball, location: 2F 0-1: Ball 1-1: Ball 2-1: Called Strike 2-2: Strikes out swinging
|
Batting: RHB Pancho Torres
|
0-0: Foul Ball, location: 2F 0-1: Ball 1-1: Ball 2-1: SINGLE (Groundball, 4MD) (infield hit) Seiji Kouno to second
|
Batting: RHB Roberto García
|
0-0: Called Strike 0-1: Ball 1-1: Foul Ball, location: 2F 1-2: Ball 2-2: Ball 3-2: Base on Balls Seiji Kouno to third Pancho Torres to second
|
Batting: RHB José Ruíz
|
0-0: Fielders Choice at 2nd, 5-4 (Groundball, 5)
|
Bottom of the 8th over - 0 run(s), 2 hit(s), 0 error(s), 2 left on base; Riverside 0 - Bismarck 9 |
TOP OF THE 9TH |
Riverside Red Bulls batting - Pitching for Bismarck Barons : RHP Francisco Anaya
|
Batting: RHB Earnest Finnegan
|
0-0: Foul Ball, location: 2F 0-1: Ball 1-1: Foul Ball, location: 2F 1-2: Foul Ball, location: 2F 1-2: Strikes out swinging
|
Batting: RHB Marcos Hernández
|
0-0: Ball 1-0: Ball 2-0: SOLO HOME RUN (Flyball, 7D), Distance : 366 ft
|
Batting: LHB Mike Petersen
|
0-0: Ball 1-0: Ball 2-0: Foul Ball, location: 2F 2-1: Foul Ball, location: 2F 2-2: Strikes out swinging
|
Batting: RHB Fernando Gálvez
|
0-0: Swinging Strike 0-1: Swinging Strike 0-2: Strikes out swinging
|
Top of the 9th over - 1 run(s), 1 hit(s), 0 error(s), 0 left on base; Riverside 1 - Bismarck 9 |
|